 Dungeon Crawl Stone Soup version 0.31.0-12-g77e489cdc1 (webtiles) character file.

Game seed: 15260389771621562836

6 spaghetti the Shooter (level 1, -3/19 HPs)
             Began as a Naga Hunter on Feb 18, 2024.
             Slain by a gnoll
             ... wielding a +0 whip
              (7 damage)
             ... on level 1 of the Dungeon.
             The game lasted 00:00:14 (201 turns).

spaghetti the Shooter (Naga Hunter)                  Turns: 201, Time: 00:00:15

Health: -3/19      AC:  1    Str: 13    XL:     1   Next: 90%
Magic:  1/1        EV:  9    Int:  9    God:
Gold:   22         SH:  0    Dex: 14    Spells: 0/0 levels left

rFire   . . .        a - +0 shortbow
rCold   . . .        (shield currently unavailable)
rNeg    . . .        c - +0 leather armour
rPois   +            (no helmet)
rElec   .            (no cloak)
rCorr   .            (no gloves)
SInv    +            (no barding)
Will    .....        (no amulet)
Stlth   ++           (no ring)
HPRegen 0.23/turn    (no ring)
MPRegen 0.07/turn

%: no passive effects
@: very slow
A: AC +0, large, see invisible, deformed body, poison resistance, slowness 2,
spit poison 1, naga tail 1
a: Spit Poison


You were on level 1 of the Dungeon.
You visited 1 branch of the dungeon, and saw 1 of its levels.

You collected 22 gold pieces.

Inventory:

Hand Weapons
 a - a +0 shortbow (weapon)
Armour
 c - a +0 leather armour (worn)
Scrolls
 b - a scroll of butterflies
 d - a scroll of enchant weapon {unknown}


   Skills:
 - Level 2.0 Fighting
 + Level 3.9 Ranged Weapons
 - Level 1.5 Dodging
 - Level 1.5 Stealth


You couldn't memorise any spells.
You didn't know any spells.
Your spell library was empty.

Dungeon Overview and Level Annotations

Branches:
Dungeon (1/15)

Altars:


Innate Abilities, Weirdness & Mutations

Your serpentine skin is tough. (AC +0)
You have supernaturally acute eyesight. (SInv)
Armour fits poorly on your strangely shaped body.
Your system is resistant to poisons. (rPois)
You cover ground very slowly.
You can spit poison.
You have a snake-like lower body.


Message History

The endoplasm freezes you.
You are frozen.
You are too injured to fight recklessly!
You are too injured to fight recklessly!
You are too injured to fight recklessly!
You are too injured to fight recklessly!
You are too injured to fight recklessly!
You are too injured to fight recklessly!
You are too injured to fight recklessly!
You are too injured to fight recklessly!
You are too injured to fight recklessly!
You are too injured to fight recklessly!
You are too injured to fight recklessly!
Unknown command.
You shoot an arrow. The arrow hits the endoplasm.
The endoplasm is severely wounded.
A rat comes into view.
The endoplasm barely misses you.
You shoot an arrow. The rat squeaks loudly.
The arrow hits the endoplasm.
You kill the endoplasm!
The frilled lizard bites you.
You are too injured to fight recklessly!
You shoot an arrow.
The arrow closely misses the frilled lizard.
The arrow hits the gnoll.
The gnoll is lightly wounded.
The frilled lizard closely misses you.
The rat twitches its whiskers.
The frilled lizard bites you. The gnoll hits you with a +0 whip!
* * * LOW HITPOINT WARNING * * *
You shoot an arrow. The arrow closely misses the gnoll.
The frilled lizard barely misses you. The gnoll barely misses you.
Unknown command.
You shoot an arrow.
The arrow hits the gnoll but does no damage.
The gnoll is lightly wounded.
The frilled lizard barely misses you. The gnoll hits you with a +0 whip!
You die...

#.............
#............#
##...........#
#..........#
#..........#.
#...........#
#.###.###..#.
#.......#
#.####@.# #.#
#lg# #.....r.#
#######...
>.... .#..##
.##.# .# .. .#
#.


You could see a gnoll, a frilled lizard and a rat.

Vanquished Creatures
  A bat (D:1)
  An endoplasm (D:1)
  A hobgoblin (D:1)
  A frilled lizard (D:1)
  A kobold (D:1)
  A rat (D:1)
6 creatures vanquished.

Notes
Turn   | Place    | Note
-------+----------+-------------------------------------------
     0 | D:1      | spaghetti the Naga Hunter began the quest for the Orb.
     0 | D:1      | Reached XP level 1. HP: 19/19 MP: 1/1
   201 | D:1      | Slain by a gnoll

Illustrated notes

Levels and vault maps discovered:
D:1:      lemuel_arrival_rhombus, layout_basic, serial_curves, eino_curves_04,
          eino_curves_01, grunt_decor_resistance, minmay_liquid_box,
          minmay_ruptured

Action                     || total
---------------------------++-------
   Fire: Shortbow          ||    17
 Armour: Leather armour    ||     4
  Dodge: Dodged            ||     6
